AoeStats
← mariemougel88

Arabia

511036779Analyzed
1v1 RM · 9h ago on Oct 3, 2026· 44m 14s· 2 players
Game mode
Random Map
Map size
Tiny (2 player)
Population
200
Speed
Normal
Resources
Standard
Victory
Conquest
Starting age
Dark Age
Ending age
Imperial Age
RankedLock teamsTeams togetherTeam positionsShared explorationLock speedFull tech treeHidden civsTurbo modeCheats
Victory
Defeat
🇫🇷 Mongols · France
933
+16
🇪🇸 Japanese · Spain
936
-16
mariemougel88
7:42 Loom
9:44 Feudal Age
10:39 Double-Bit Axe
11:48 Gold Mining
13:21 Fletching
20:39 Castle Age
21:01 Padded Archer Armor
20:43 Crossbowman
21:28 Horse Collar
26:28 Heavy Plow
33:03 Wheelbarrow
32:57 Husbandry
33:34 Scale Barding Armor
33:40 Forging
33:25 Bodkin Arrow
34:13 Bow Saw
34:24 Bloodlines
36:29 Chain Barding Armor
37:14 Iron Casting
41:06 Imperial Age
39:41 Leather Archer Armor
40:06 Murder Holes
40:40 Herbal Medicine
42:25 Bracer
44:36 Ballistics
Macbein
5:05 Loom
11:07 Feudal Age
19:37 Castle Age
19:35 Fletching
19:47 Horse Collar
21:32 Town Watch
24:14 Padded Archer Armor
24:03 Elite Skirmisher
33:26 Bloodlines
34:16 Gold Mining
36:19 Wheelbarrow
35:54 Pikeman
39:04 Heavy Plow
45:07 Imperial Age
43:02 Double-Bit Axe
Connection lost

Rejoining the realm…

Still unreachable

The connection could not be restored.

Session expired

The server has moved on; the page needs a fresh start.